 Dungeon Crawl Stone Soup version 0.21.1-1-g345015fe64 (webtiles) character file.

542 Dasatrys the Sneak (level 7, -2/48 HPs)
             Began as an Octopode Assassin on July 29, 2018.
             Slain by an iguana (12 damage)
             ... on level 4 of the Dungeon.
             The game lasted 00:14:12 (4070 turns).

Dasatrys the Sneak (Octopode Assassin)              Turns: 4070, Time: 00:14:12

Health: -2/48      AC:  1    Str: 10    XL:     7   Next: 27%
Magic:  16/16      EV: 18    Int: 14    God:
Gold:   108        SH:  0    Dex: 15    Spells: 6/6 levels left

rFire    . . .     SeeInvis .   a - +2 dagger
rCold    . . .     Gourm    .   (no shield)
rNeg     . . .     Faith    .   (helmet restricted)
rPois    .         Spirit   .   (no amulet)
rElec    .         Reflect  .   i - +3 ring of evasion
rCorr    .         Harm     .   j - ring of stealth
MR       .....                  v - ring of magical power
Stlth    +++++.....             (no ring)
HPRegen  0.16/turn              (no ring)
MPRegen  0.15/turn              (no ring)
                                (no ring)
                                (no ring)

@: no status effects
A: almost no armour, stealthy swim, amphibious, 8 rings, constrict 8, camouflage
1, gelatinous body 1
a: no special abilities


You were on level 4 of the Dungeon.
You were hungry.

You visited 2 branches of the dungeon, and saw 6 of its levels.

You collected 108 gold pieces.

Inventory:

Hand Weapons
 a - a +2 dagger (weapon)
 b - a +0 blowgun
Missiles
 c - 5 poisoned needles
 d - 2 curare-tipped needles
Jewellery
 i - a +3 ring of evasion (left tentacle)
 j - a ring of stealth (right tentacle)
 v - a ring of magical power (on tentacle)
Wands
 y - a wand of enslavement (18)
Scrolls
 e - 4 scrolls of identify
 n - a scroll of enchant armour {unknown}
 u - 3 scrolls of noise {unknown}
 x - a scroll of teleportation {unknown}
Potions
 g - a potion of ambrosia {unknown}
 h - a potion of mutation {unknown}
 k - 3 potions of curing {unknown}
 l - a potion of agility {unknown}
 m - a potion of degeneration {unknown}
 o - 2 potions of flight {unknown}
 p - a potion of berserk rage {unknown}
 q - a potion of invisibility {unknown}
 r - a potion of haste {unknown}
 s - a potion of might {unknown}
 t - a potion of heal wounds {unknown}
Comestibles
 f - 2 rations


   Skills:
 * Level 4.3 Fighting
 * Level 4.4 Short Blades
 - Level 2.0 Throwing
 * Level 3.9 Dodging
 + Level 6.8 Stealth


You had 6 spell levels left.
You didn't know any spells.

Dungeon Overview and Level Annotations

Branches:
Dungeon (5/15)             Temple (1/1) D:4

Altars:
Ashenzari
Cheibriados
Fedhas
Gozag
Kikubaaqudgha
Makhleb
Nemelex Xobeh
Okawaru
Ru
Sif Muna
Vehumet
Wu Jian
Xom
Zin
The Shining One

Annotations:
D:3 WBergamot's ghost, amateur GnWz
D:5 deszczowiec's ghost, novice GrEE


Innate Abilities, Weirdness & Mutations

You cannot wear most types of armour.
You are very stealthy in the water. (Stealth+)
You are amphibious.
You can wear up to eight rings at the same time.
You can use your tentacles to constrict eight enemies at once.
Your skin changes colour to match your surroundings (Stealth+).
Your rubbery body absorbs attacks. (AC +1, EV +1)


Message History

There is a stone staircase leading down here.
You hit the iguana but do no damage. You grab the iguana.
The iguana is moderately wounded.
You constrict the iguana. You hit the iguana but do no damage.
You squeeze the iguana.
The iguana is heavily wounded.
You constrict the iguana, but do no damage.
You are feeling hungry.
The iguana closely misses you.
You hit the iguana.
The iguana is heavily wounded.
You constrict the iguana. The iguana completely misses you.
You completely miss the iguana.
The iguana is heavily wounded.
You constrict the iguana. The iguana bites you.
* * * LOW HITPOINT WARNING * * *
You hit the iguana but do no damage. You squeeze the iguana.
The iguana is almost dead.
You constrict the iguana. The iguana bites you!
You die...

#.......##............
#.......#..###........
#.......#.## #........
##.....#..# #........
##.......## #........
#.........## ###..###.
#..........# ##.###..
#....l...#.####..##...
#...)@.......##......[
#.........##.##..#....
#...................#.
#........##.#.......#.
###########.....#.#.##
##.(#.....#.
#....#...#.
###..........
##....#####...


You could see an iguana.

Vanquished Creatures
  An ogre (D:4)
  A scorpion (D:4)
  2 hounds (D:4)
  An orc priest (D:4)
  An orc wizard (D:2)
  Jessica (D:2)
  Natasha (thrice) (D:2)
  A worker ant (D:4)
  Robin (D:2)
  5 adders
  An ooze (D:3)
  5 worms
  2 dart slugs (D:2)
  2 leopard geckos
  8 orcs
  3 bats
  2 giant cockroaches
  10 hobgoblins
  10 jackals (D:3)
  2 frilled lizards
  14 goblins
  5 kobolds
  13 rats
94 creatures vanquished.

Vanquished Creatures (others)
  A kobold (D:1)
1 creature vanquished.

Grand Total: 95 creatures vanquished

Notes
Turn   | Place    | Note
-------+----------+-------------------------------------------
     0 | D:1      | Dasatrys the Octopode Assassin began the quest for the Orb.
     0 | D:1      | Reached XP level 1. HP: 14/14 MP: 1/1
   333 | D:1      | Reached XP level 2. HP: 19/19 MP: 2/2
   923 | D:2      | Found a snail-covered altar of Cheibriados.
   957 | D:2      | Reached XP level 3. HP: 23/25 MP: 3/3
  1109 | D:2      | Reached XP level 4. HP: 30/30 MP: 4/4
  1261 | D:2      | Noticed Natasha
  1265 | D:2      | Killed Natasha
  1472 | D:2      | Noticed Robin
  1540 | D:2      | Killed Robin
  1540 | D:2      | Reached skill level 6 in Stealth
  1540 | D:2      | Reached XP level 5. HP: 20/36 MP: 5/5
  1865 | D:2      | Noticed Jessica
  1870 | D:2      | Killed Jessica
  1969 | D:2      | Found an ornate altar of the Wu Jian Council.
  2233 | D:2      | Noticed Natasha
  2248 | D:2      | Killed Natasha
  2331 | D:2      | Noticed Natasha
  2341 | D:2      | Killed Natasha
  2541 | D:3      | Reached XP level 6. HP: 42/42 MP: 6/6
  2664 | D:3      | Found a glowing silver altar of Zin.
  2690 | D:3      | Noticed WBergamot's ghost (amateur GnWz)
  3387 | D:4      | Reached XP level 7. HP: 34/48 MP: 7/7
  3489 | D:4      | Found a staircase to the Ecumenical Temple.
  3503 | Temple   | Entered the Ecumenical Temple
  3793 | D:4      | Found a glowing golden altar of the Shining One.
  3866 | D:4      | Found a burning altar of Makhleb.
  4052 | D:5      | Entered Level 5 of the Dungeon
  4061 | D:5      | Noticed deszczowiec's ghost (novice GrEE)
  4070 | D:4      | Slain by an iguana

Skill      XL: |  1  2  3  4  5  6 |
---------------+-------------------+-----
Dodging        | 2 3 |  3.9
Short Blades   | 3 4 |  4.4
Fighting       | 3 4 |  4.3
Stealth        | 6 |  6.8
Throwing       | |  2.0

Action                   |  1- 3 |  4- 6 |  7- 9 || total
-------------------------+-------+-------+-------++-------
Melee: Dagger            |    39 |   169 |    34 ||   242
       Constrict         |     6 |    35 |     6 ||    47
       Tentacles         |     2 |    36 |     8 ||    46
 Fire: Blowgun           |       |     3 |       ||     3
  Use: Scroll            |       |     1 |       ||     1
 Stab: Sleeping          |    12 |    12 |     4 ||    28
       Distracted        |       |     1 |       ||     1
  Eat: Chunk             |       |     6 |       ||     6
       Ration            |       |     1 |       ||     1
Armor: Skin              |     1 |     8 |       ||     9
Dodge: Dodged            |    12 |   106 |    10 ||   128
